 Dungeon Crawl Stone Soup version 0.29-a0-1023-g6ae1a4a2c7 (webtiles) character file.

Game seed: 1353264316851651567

23 Newt the Charlatan (level 2, 0/23 HPs)
             Began as a Draconian Artificer on Aug 11, 2022.
             Slain by Terence
             ... wielding a +0 mace
              (7 damage)
             ... on level 2 of the Dungeon.
             The game lasted 00:01:50 (1589 turns).

Newt the Charlatan (Draconian Artificer)            Turns: 1589, Time: 00:01:51

Health: 0/23       AC:  4    Str: 14    XL:     2   Next: 72%
Magic:  2/2        EV: 12    Int: 14    God:
Gold:   60         SH:  5    Dex: 15    Spells: 1/1 levels left

rFire   . . .      SeeInvis .   g - +0 mace
rCold   . . .      Faith    .   (no shield)
rNeg    . . .      Spirit   .   (body armour unavailable)
rPois   .          Reflect  +   (helmet restricted)
rElec   .          Harm     .   (no cloak)
rCorr   .          Rampage  .   (no gloves)
Will    .....                   (no boots)
Stlth   ++........              e - amulet of Raxtoale {Reflect Int+3 Dex+4 SH+5}
HPRegen 0.07/turn               (no ring)
MPRegen 0.08/turn               (no ring)

@: about to teleport
A: AC +4, unfitting armour, cold-blooded
a: no special abilities


You were on level 2 of the Dungeon.
You visited 1 branch of the dungeon, and saw 2 of its levels.

You collected 60 gold pieces.

Inventory:

Hand Weapons
 a - a +0 club
 g - a +0 mace (weapon)
Jewellery
 e - the amulet of Raxtoale (around neck) {Reflect Int+3 Dex+4 SH+5}
   (You acquired it on level 1 of the Dungeon)

   [amulet of reflection]

   It reflects blocked missile attacks.
   Int:       It affects your intelligence (+3).
   Dex:       It affects your dexterity (+4).
   SH:        It affects your SH (+5).
Wands
 b - a wand of flame (14) (quivered)
 c - a wand of charming (15)
 d - a wand of iceblast (9)
Potions
 f - 2 potions of degeneration
 j - a potion of ambrosia {unknown}


   Skills:
 - Level 1.1 Fighting
 * Level 2.4 Axes
 - Level 2.1 Dodging
 - Level 0.8 Stealth
 - Level 3.0 Evocations


You had one spell level left.
You didn't know any spells.
Your spell library was empty.

Dungeon Overview and Level Annotations

Branches:
Dungeon (2/15)

Altars:

Annotations:
D:2 Terence


Innate Abilities, Weirdness & Mutations

Your plain brown scales are hard. (AC +4)
You cannot fit into any form of body armour.
You are cold-blooded and may be slowed by cold attacks.


Message History

There is a fountain of clear blue water here.
You open the door.
There is an open door here.
There is an open door here.
Found a club.
You see here a +0 club.
Done exploring.
Done exploring.
There are no items here.
(D) Dungeon
Where to? (? - help)
There is a stone staircase leading down here.
You climb downwards.
There is a stone staircase leading up here.
As you read the scroll labelled JOERIMM XYWUG, it crumbles to dust.
It is a scroll of identify.
f - 2 potions of degeneration Terence the Incautious comes into view.
He is wielding a +0 mace.
Terence is nearby!
Found a club.
Terence hits you with a +0 mace!
You hit Terence.
Terence is lightly wounded.
Terence barely misses you.
You hit Terence but do no damage. You tail-slap Terence.
Terence is lightly wounded.
Terence misses you.
You hit Terence but do no damage.
You tail-slap Terence, but do no damage.
Terence is lightly wounded.
Terence barely misses you. Terence hits you with a +0 mace!
Aiming: Throw Flame
Press: ? - help, Q - select action, (/) - cycle Shift-Dir - straight line, f - Terence
Aim: Terence, wielding a +0 mace and wearing a +0 scale mail (lightly wounded, 75% to hit)
The puff of flame misses Terence.
Terence hits you with a +0 mace.
As you read the scroll labelled PASTRUWIUCH, it crumbles to dust.
You feel strangely unstable.
It was a scroll of teleportation.
Terence hits you with a +0 mace!
You die...

############### #
#......<.......
####.#.#############
#...............
#.###...@.#####)
.......@.#
#####....# .......
####.#### ... #. #.


You could see Terence.

Vanquished Creatures
  A dart slug (D:1)
  2 ball pythons (D:1)
  4 bats (D:1)
  An endoplasm (D:1)
  2 giant cockroaches (D:1)
  A goblin (D:1)
  2 jackals (D:1)
  3 kobolds (D:1)
  4 frilled lizards (D:1)
20 creatures vanquished.

Notes
Turn   | Place    | Note
-------+----------+-------------------------------------------
     0 | D:1      | Newt the Draconian Artificer began the quest for the Orb.
     0 | D:1      | Reached XP level 1. HP: 16/16 MP: 1/1
    69 | D:1      | Reached skill level 1 in Axes
   595 | D:1      | Reached XP level 2. HP: 23/23 MP: 2/2
  1444 | D:1      | Identified a scroll of acquirement
  1444 | D:1      | Acquired the amulet of Raxtoale {Reflect Int+3 Dex+4 SH+5}
  1475 | D:1      | Found a faded altar of an unknown god.
  1581 | D:2      | Noticed Terence
  1589 | D:2      | Slain by Terence

Illustrated notes

Levels and vault maps discovered:
D:1:      psy_arrival_radial01, layout_loops_corners,
          shapermc_ecumenical_altar_acropolis, minmay_cut_off
D:2:      layout_basic, uniq_terence

Skill      XL: |  1  2 |
---------------+-------+-----
Axes           | 1 2 |  2.4
Fighting       | |  1.1
Dodging        | |  2.1
Stealth        | |  0.8
Evocations     | |  3.0

Action                   || total
-------------------------++-------
Melee: Club              ||    47
       Tailslap          ||     8
       Punch             ||     2
       Mace              ||    49
Evoke: Wand              ||     1
  Use: Scroll            ||     5
 Stab: Sleeping          ||     2
Armor: Skin              ||    50
Dodge: Dodged            ||    88

Table legend: (Time is in decaauts)
 A = Elapsed time spent in this place.
 B = Non-inter-level travel time spent in this place.
 C = Inter-level travel time spent in this place.
 D = Time resting spent in this place.
 E = Time spent auto-exploring this place.
 F = Levels seen in this place.
 G = Mean time per level.
                   A        B        C        D        E       F      G
               +--------+--------+--------+--------+--------+-----+--------+
         Total |   1618 |   1587 |     31 |      0 |   1369 |   2 |  809.0 |
       Dungeon |   1618 |   1587 |     31 |      0 |   1369 |   2 |  809.0 |
               +--------+--------+--------+--------+--------+-----+--------+

Top non-repeatable levels by time:
     D:1: 1602 daAuts
     D:2: 15 daAuts
